AoeStats
← Mr Joy2271

MegaRandom

504285580Analyzed
2v2 RM · 27d ago on Sep 4, 2026· 52m 28s· 4 players
Game mode
Random Map
Map size
Medium (4 player)
Population
200
Speed
Normal
Resources
Standard
Victory
Conquest
Starting age
Dark Age
Ending age
Imperial Age
RankedLock teamsTeams togetherTeam positionsShared explorationLock speedFull tech treeHidden civsTurbo modeCheats
Victory
Defeat
🇩🇪 Cumans · Germany
964
+14
🇺🇸 Japanese · United States
908
+16
🇺🇸 Franks · United States
921
-15
🇬🇧 Britons · United Kingdom
921
-15
stk1908
5:46 Loom
14:06 Feudal Age
15:20 Double-Bit Axe
18:42 Fishing Lines
19:47 Town Watch
23:32 Castle Age
22:04 Bloodlines
21:44 Horse Collar
23:13 Scale Barding Armor
23:19 Forging
24:30 Wheelbarrow
23:51 Stone Mining
23:56 Gold Mining
25:08 Chain Barding Armor
25:03 Bow Saw
24:48 Gillnets
27:38 Iron Casting
27:38 Heavy Plow
36:00 Imperial Age
33:47 Hand Cart
35:59 Light Cavalry
37:32 Plate Barding Armor
37:59 Blast Furnace
36:23 Elite Steppe Lancer
37:17 Capped Ram
37:18 Onager
39:07 Conscription
38:18 Sappers
40:36 Crop Rotation
41:09 Two-Man Saw
40:26 Steppe Husbandry
43:07 Chemistry
42:28 Ballistics
42:13 Hussar
44:30 Scale Mail Armor
45:20 Gold Shaft Mining
44:41 Pikeman
45:21 Squires
44:49 Man-at-Arms
45:15 Arson
44:56 Siege Ram
46:20 Long Swordsman
46:36 Siege Ram
46:37 Siege Onager
48:05 Elite Kipchak
48:39 Two-Handed Swordsman
49:14 Champion
52:28 Pikeman
Ciconico
11:59 Feudal Age
12:38 Horse Collar
12:47 Double-Bit Axe
20:02 Castle Age
20:08 Elite Skirmisher
21:30 Thumb Ring
22:17 Bow Saw
24:13 Heavy Plow
23:38 Pikeman
26:11 Wheelbarrow
27:14 Gambesons
34:46 Scale Mail Armor
35:32 Ballistics
36:11 Gold Mining
37:56 Squires
38:07 Fishing Lines
42:06 Gold Shaft Mining
41:49 Chain Mail Armor
41:36 Padded Archer Armor
41:27 Fletching
41:48 Forging
45:41 Imperial Age
44:40 Murder Holes
45:23 Iron Casting
45:07 Leather Archer Armor
46:44 Conscription
48:51 Blast Furnace
48:23 Plate Mail Armor
47:29 Halberdier
50:31 Capped Ram
kapoosc
4:34 Loom
12:58 Feudal Age
13:31 Horse Collar
13:42 Double-Bit Axe
14:11 Fishing Lines
16:40 Horse Collar
22:41 Castle Age
22:11 Gold Mining
22:11 Stone Mining
22:13 Fletching
22:24 Padded Archer Armor
22:53 Crossbowman
23:30 Bodkin Arrow
26:27 Wheelbarrow
27:31 Scale Mail Armor
28:04 Town Watch
29:04 Gold Shaft Mining
29:35 Bow Saw
35:06 Ballistics
35:28 Hand Cart
36:18 Heavy Plow
39:40 Masonry
39:49 Leather Archer Armor
41:42 Gillnets
41:59 Squires
41:20 Pikeman
42:17 Chain Mail Armor
46:31 Forging
46:27 Scale Barding Armor
46:45 Light Cavalry
47:25 Husbandry
50:10 Imperial Age
51:30 Architecture
51:39 Hoardings
52:01 Conscription
Mr Joy2271
13:55 Feudal Age
15:32 Double-Bit Axe
21:21 Gold Mining
21:22 Stone Mining
23:58 Wheelbarrow
28:33 Castle Age
27:10 Wheelbarrow
26:21 Loom
28:21 Man-at-Arms
29:25 Forging
29:16 Scale Mail Armor
29:53 Bow Saw
29:12 Pikeman
31:37 Gold Shaft Mining
36:25 #83
36:43 Iron Casting
36:23 Chain Mail Armor
36:14 Scale Barding Armor
38:02 Husbandry
38:37 Murder Holes
40:44 Fortified Wall
40:51 Long Swordsman
47:18 Imperial Age
45:03 Hand Cart
Connection lost

Rejoining the realm…

Still unreachable

The connection could not be restored.

Session expired

The server has moved on; the page needs a fresh start.